 Dungeon Crawl Stone Soup version 0.22-a0-422-g9628fc87f1 (webtiles) character file.

8386 Simmerdown the Slicer (level 11, 0/85 HPs)
             Began as a Pale Draconian Chaos Knight on May 21, 2018.
             Slain by an orc warrior
             ... wielding a +0 trident
              (19 damage)
             ... on level 10 of the Dungeon on May 22, 2018.
             The game lasted 00:32:03 (14426 turns).

Simmerdown the Slicer (DrCK)                       Turns: 14426, Time: 00:32:04

Health: 0/85       AC: 14    Str: 14      XL:     11   Next: 9%
Magic:  11/11      EV: 15    Int: 13 (14) God:    Xom [..*...]
Gold:   540        SH:  5    Dex: 11      Spells: 10/10 levels left

rFire    . . .     SeeInvis .   n - +3 rapier (chaos)
rCold    + . .     Gourm    .   s - +0 buckler
rNeg     . . .     Faith    .   (armour unavailable)
rPois    +         Spirit   .   (helmet restricted)
rElec    .         Reflect  .   x - +2 cloak {rPois}
rCorr    .         Harm     .   o - +0 pair of gloves
MR       .....                  (no boots)
Stlth    +++.......             (no amulet)
HPRegen  0.24/turn              C - +3 ring of protection
MPRegen  0.12/turn              P - ring of protection from cold

@: no status effects
A: breathe steam, unfitting armour, antennae 1, deterioration 1, frail 1, poison
resistance, weak 1, wild magic 1, cold-blooded, AC +7
a: Breathe Steam, Renounce Religion


You were on level 10 of the Dungeon.
You worshipped Xom.
You were a toy of Xom.
You were near starving.

You visited 1 branch of the dungeon, and saw 10 of its levels.
You also visited: Ossuary.

You collected 540 gold pieces.

Inventory:

Hand Weapons
 a - a +0 falchion of chaos
 e - a +2 dagger of venom
 n - a +3 rapier of chaos (weapon)
 v - a +0 scimitar
Missiles
 u - 7 silver tomahawks (quivered)
Armour
 o - a +0 pair of gloves (worn)
 s - a +0 buckler (worn)
 x - a +2 cloak of poison resistance (worn)
Jewellery
 k - a +2 ring of strength
 l - an uncursed ring of resist corrosion
 w - an uncursed ring of ice
 A - an uncursed ring of positive energy
 B - an uncursed ring of flight
 C - a +3 ring of protection (left hand)
 P - a ring of protection from cold (right hand)
Wands
 z - a wand of paralysis (12)
 H - a wand of clouds (4)
 K - a wand of iceblast (2)
 N - a wand of digging (12)
 Q - a wand of enslavement (11)
 R - a wand of flame (35)
Scrolls
 c - 3 scrolls of enchant armour
 f - 2 scrolls of fear
 g - 5 scrolls of blinking
 h - 3 scrolls of enchant weapon
 i - a scroll of immolation
 p - 8 scrolls of identify
 q - a scroll of noise
 t - 3 scrolls of teleportation
 y - 2 scrolls of fog
 E - a scroll of holy word {unknown}
 F - a scroll of silence {unknown}
 L - a scroll of amnesia {unknown}
 S - a scroll of acquirement {unknown}
Potions
 d - 2 potions of heal wounds
 j - 2 potions of haste
 m - 3 potions of flight
 r - 5 potions of curing
 D - 3 potions of resistance {unknown}
 G - 3 potions of cancellation
 I - 2 potions of mutation
 J - 2 potions of invisibility
 M - a potion of agility
 O - a potion of ambrosia {unknown}
Comestibles
 b - 12 rations


   Skills:
 - Level 8.4 Fighting
 - Level 9.1(10.3) Short Blades
 - Level 7.6(9.6) Long Blades
 + Level 6.6 Dodging
 + Level 6.8 Stealth
 - Level 4.4 Shields


You had 10 spell levels left.
You didn't know any spells.
Your spell library contained the following spells:

 Spells                   Type           Power        Failure   Level  Hunger
 Cause Fear               Hex            #.........   98%         4    #####..
 Throw Frost              Conj/Ice       #.....       52%         2    ###....
 Freeze                   Ice            #...         38%         1    ##.....
 Summon Ice Beast         Ice/Summ       #.......     98%         4    #####..
 Ozocubu's Armour         Chrm/Ice       #.......     75%         3    ####...
 Deflect Missiles         Chrm/Air       #.........   100%        6    #######
 Throw Icicle             Conj/Ice       #.......     98%         4    #####..
 Silence                  Hex/Air        #.........   100%        5    ######.
 Discord                  Hex            #.........   100%        8    #######
 Yara's Violent Unravell  Hex/Tmut       #.........   100%        5    ######.


Dungeon Overview and Level Annotations

Branches:
Dungeon (10/15)            Temple (0/1) D:7            Lair (0/6) D:9
    Orc: D:9-12

Altars:
Nemelex Xobeh
Okawaru
Qazlal
Trog
Uskayaw
Xom
Yredelemnul
Zin
The Shining One


Innate Abilities, Weirdness & Mutations

You can breathe blasts of scalding, opaque steam.
Your pale cyan-grey scales are hard. (AC +7)
You cannot fit into any form of body armour.
You are cold-blooded and may be slowed by cold attacks.
You have a pair of small antennae on your head.
Your body sometimes deteriorates upon taking damage.
You are frail. (-10% HP)
Your system is resistant to poisons. (rPois)
You are weak. (Str -2)
Your spells are a little harder to cast, but a little more powerful.


Message History

An orc warrior comes into view. It is wielding a trident.
The orc warrior shouts!
Evoke which item? (* to show all) (? for menu, Esc to quit)
Aiming: Iceblast
Press: ? - help, Shift-Dir - straight line, f/p - orc priest
Aim: an orc priest, wielding a club (heavily wounded)
The mass of ice explodes!
The iceblast engulfs the orc priest.
You kill the orc priest!
The iceblast engulfs the orc warrior.
The orc warrior is lightly wounded.
Evoke which item? (* to show all) (? for menu, Esc to quit)
Aiming: Iceblast
Press: ? - help, Shift-Dir - straight line, f - orc warrior
Aim: an orc warrior, wielding a trident and wearing a chain mail (lightly wounded)
The mass of ice explodes!
The iceblast engulfs the orc warrior.
The orc warrior is severely wounded.
You feel a bit more experienced. x2
The orc warrior hits you from afar with a trident!!
You die...
Xom yawns loudly!

#..# #.# #..# #..# #.#
#..# #..# #.# #..# #..#
#.# #..# #..# #.# #..#
#..# #.# #..# #..# #.#
#..# #### #.# #..# #@#
#..# {#)# #..# .{o..{o)#
#####..##### .........
............. ..........
.............
..#...##################
8 ##8# ##


You could see an orc warrior.

Vanquished Creatures
  A two-headed ogre (D:10)
  5 gargoyles (D:8)
  A hippogriff (D:6)
  A spriggan (D:8)
  A wyvern (D:10)
  7 yaks
  Eustachio (D:6)
  A hungry ghost (D:8)
  2 water moccasins
  2 hell hounds (D:9)
  2 orc warriors
  2 black bears
  2 sky beasts (D:8)
  An ice beast (D:9)
  A phantom (D:7)
  3 ogres
  The ghost of Perturabo the Slasher, an amateur DsGl (D:3)
  2 centaurs
  A big kobold (D:7)
  Blork the orc (D:4)
  4 bullfrogs
  A gnoll sergeant (D:3)
  A wyvern zombie (D:9)
  2 water moccasin zombies (Ossuary)
  3 scorpions
  7 wights
  5 crimson imps
  A jelly (D:4)
  A lava snake (D:7)
  A centaur zombie (D:9)
  4 hounds
  2 bullfrog zombies
  A quasit (D:6)
  A gnoll shaman (D:4)
  5 orc priests
  7 orc wizards
  2 bullfrog skeletons
  Crazy Yiuf (D:4)
  Jessica (D:3)
  Ijyb (D:4)
  3 iguanas
  3 worker ants
  2 mummies (Ossuary)
  A howler monkey zombie (D:7)
  12 gnolls
  11 adders
  A shadow imp (D:9)
  6 adder zombies
  An adder skeleton (D:5)
  7 worms
  3 dart slugs
  6 leopard geckos
  31 orcs
  10 bats
  8 giant cockroaches
  5 gnoll zombies (Ossuary)
  7 goblins
  5 hobgoblins
  8 jackals
  7 quokkas
  2 ball pythons
  A ball python skeleton (D:6)
  4 frilled lizards
  8 hobgoblin zombies (Ossuary)
  A jackal skeleton (D:4)
  9 kobolds
  6 kobold zombies (Ossuary)
  A leopard gecko skeleton (D:6)
  6 orc zombies (Ossuary)
  3 rats
267 creatures vanquished.

Vanquished Creatures (collateral kills)
  An orc warrior (D:10)
  An adder (D:3)
  An orc (D:10)
  A hobgoblin (D:3)
  A kobold (D:3)
5 creatures vanquished.

Vanquished Creatures (others)
  A gargoyle (D:8)
  A big kobold zombie (Ossuary)
  An adder zombie (Ossuary)
  A kobold zombie (Ossuary)
4 creatures vanquished.

Grand Total: 276 creatures vanquished

Notes
Turn   | Place    | Note
-------+----------+-------------------------------------------
     0 | D:1      | Simmerdown the Draconian Chaos Knight began the quest for the Orb.
     0 | D:1      | Reached XP level 1. HP: 19/19 MP: 1/1
    28 | D:1      | XOM: potion effect (brilliance)
   472 | D:1      | Reached XP level 2. HP: 22/27 MP: 2/2
  1143 | D:1      | XOM: enchant monster (good)
  1180 | D:2      | Reached XP level 3. HP: 31/34 MP: 3/3
  1244 | D:2      | Found a sparkling altar of Nemelex Xobeh.
  1244 | D:2      | Found a stormy altar of Qazlal.
  1245 | D:2      | Found an iron altar of Okawaru.
  1297 | D:2      | Reached skill level 5 in Fighting
  1528 | D:2      | Reached XP level 4. HP: 29/42 MP: 4/4
  1712 | D:2      | XOM: 1-stop teleportation journey
  1957 | D:2      | XOM: silly message
  2030 | D:3      | XOM is BORED!
  2030 | D:3      | XOM: confusion (+ monsters)
  2031 | D:3      | Noticed Perturabo's ghost (amateur DsGl)
  2132 | D:4      | XOM: cleaving
  2145 | D:4      | XOM: harmless Conj miscast
  2313 | D:4      | Noticed a gnoll sergeant
  2439 | D:3      | Reached XP level 5. HP: 39/50 MP: 5/5
  2903 | D:3      | XOM: mild Ice miscast
  2921 | D:3      | Killed Perturabo's ghost
  3059 | D:3      | XOM is BORED!
  3304 | D:3      | Reached XP level 6. HP: 60/60 MP: 6/6
  3527 | D:3      | XOM: harmless Ice miscast
  3583 | D:3      | Noticed Jessica
  3586 | D:3      | Killed Jessica
  3600 | D:3      | XOM: draining
  3730 | D:3      | XOM: mild Tmut miscast
  3763 | D:4      | Noticed Blork the orc
  3894 | D:4      | XOM: polymorph gnoll -> jelly
  3905 | D:4      | XOM: harmless Fire miscast
  3966 | D:5      | Entered Level 5 of the Dungeon
  4487 | D:3      | XOM: mild Tloc miscast
  4671 | D:3      | XOM is BORED!
  4671 | D:3      | XOM: medium Tmut miscast
  4861 | D:3      | Your scales start taking on a pale cyan-grey colour.
  4861 | D:3      | Reached XP level 7. HP: 37/69 MP: 7/7
  5392 | D:4      | Killed Blork the orc
  5392 | D:4      | Reached skill level 1 in Shields
  5449 | D:4      | Found a glowing silver altar of Zin.
  5517 | D:4      | Noticed Ijyb
  5555 | D:4      | Killed Ijyb
  5911 | D:4      | XOM: harmless Hex miscast
  6043 | D:4      | Found a runed door.
  6055 | D:4      | XOM is BORED!
  6055 | D:4      | XOM: harmless Erth miscast
  6074 | D:4      | XOM: scenery: create altars
  6283 | D:4      | Noticed Crazy Yiuf
  6286 | D:4      | Killed Crazy Yiuf
  6851 | D:5      | XOM: cast spell 'Summon Butterflies'
  6856 | D:5      | XOM: confuse monster(s)
  6861 | D:5      | Reached XP level 8. HP: 53/75 MP: 8/8
  7229 | D:6      | Reached skill level 5 in Long Blades
  7238 | D:6      | Noticed a hippogriff
  7251 | D:6      | Killed a hippogriff
  7326 | D:5      | XOM: give mutation
  7326 | D:5      | Gained mutation: Your spells are a little harder to cast, but a little more powerful. [Xom's grace]
  7535 | D:6      | XOM is BORED!
  7535 | D:6      | XOM: mild Erth miscast
  7556 | D:6      | XOM: harmless Tloc miscast
  8314 | D:6      | Noticed Eustachio
  8315 | D:6      | XOM: harmless Conj miscast
  8324 | D:6      | XOM: give mutations
  8324 | D:6      | Gained mutation: You are dopey. (Int -2) [Xom's mischief]
  8324 | D:6      | Gained mutation: You are very dopey. (Int -4) [Xom's mischief]
  8324 | D:6      | Gained mutation: You are frail. (-10% HP) [Xom's mischief]
  8324 | D:6      | Gained mutation: You are weak. (Str -2) [Xom's mischief]
  8333 | D:6      | XOM: summons friendly shadow imp
  8340 | D:6      | XOM: scenery: create altars
  8357 | D:6      | XOM: chaos upgrade
  8381 | D:6      | Killed Eustachio
  8637 | D:6      | XOM: mild Ice miscast
  8788 | D:7      | Reached skill level 1 in Short Blades
  8816 | D:7      | Reached skill level 2 in Short Blades
  8826 | D:7      | Reached skill level 3 in Short Blades
  9105 | D:7      | Reached XP level 9. HP: 58/73 MP: 9/9
  9122 | D:7      | XOM: medium Pois miscast
  9123 | D:7      | Found a glowing golden altar of the Shining One.
  9129 | D:7      | Found a basalt altar of Yredelemnul.
  9131 | D:7      | Noticed a profane servitor
  9176 | D:7      | Reached skill level 4 in Short Blades
  9181 | D:7      | Lost mutation: You are weak. (Str -2) [potion of mutation]
  9181 | D:7      | Lost mutation: You are very dopey. (Int -4) [potion of mutation]
  9181 | D:7      | Gained mutation: You have a pair of small antennae on your head. [potion of mutation]
  9181 | D:7      | Gained mutation: You are agile. (Dex +2) [potion of mutation]
  9181 | D:7      | Gained mutation: Your system is resistant to poisons. (rPois) [potion of mutation]
  9196 | D:7      | XOM: harmless Tloc miscast
  9369 | D:7      | Reached skill level 5 in Short Blades
  9663 | D:7      | Found a staircase to the Ecumenical Temple.
  9696 | D:7      | XOM: give mutation
  9696 | D:7      | Gained mutation: Your body sometimes deteriorates upon taking damage. [Xom's mischief]
  9741 | D:7      | Reached skill level 6 in Short Blades
  9935 | D:7      | Noticed an angel
  9986 | D:8      | Got a smoking buckler
 10042 | D:8      | Found a sand-covered staircase.
 10049 | Ossuary  | Entered an ossuary
 10099 | Ossuary  | Reached skill level 7 in Short Blades
 10148 | Ossuary  | XOM: 1-stop teleportation journey
 10157 | Ossuary  | XOM: blink monster(s)
 10158 | Ossuary  | XOM: medium Ice miscast
 10160 | Ossuary  | XOM: blink monster(s)
 10328 | D:8      | XOM: give mutations
 10328 | D:8      | Lost mutation: You are dopey. (Int -2) [Xom's mischief]
 10328 | D:8      | Lost mutation: You are agile. (Dex +2) [Xom's mischief]
 10328 | D:8      | Gained mutation: You are very frail. (-20% HP) [Xom's mischief]
 10328 | D:8      | Gained mutation: You are weak. (Str -2) [Xom's mischief]
 10414 | D:8      | XOM: give mutation
 10414 | D:8      | Lost mutation: You are very frail. (-20% HP) [Xom's mischief]
 10417 | D:8      | Reached skill level 8 in Short Blades
 10423 | D:8      | XOM: enchant monster (bad)
 10427 | D:8      | XOM: smoke on damage
 10431 | D:8      | XOM: summons 3 hostile shadow creatures
 10740 | D:8      | XOM: 3-stop teleportation journey
 10879 | D:8      | Noticed a gargoyle
 10887 | D:8      | XOM: divine lightning
 10888 | D:8      | Noticed a gargoyle
 10888 | D:8      | Noticed a gargoyle
 10888 | D:8      | Noticed a gargoyle
 10888 | D:8      | Noticed a gargoyle
 10890 | D:8      | Noticed a gargoyle
 10891 | D:8      | XOM: destruction
 10892 | D:8      | XOM: cast spell 'Alistair's Intoxication'
 10894 | D:8      | Killed a gargoyle
 10894 | D:8      | Reached skill level 9 in Short Blades
 11158 | D:8      | Reached skill level 1 in Stealth
 11158 | D:8      | Reached XP level 10. HP: 75/81 MP: 10/10
 11169 | D:8      | Identified the cursed -4 buckler of Plog {Int+4} (You found it on level 8 of the Dungeon)
 11196 | D:8      | Killed a gargoyle
 11452 | D:8      | XOM: summons 5 hostile demons
 11461 | D:8      | Killed a gargoyle
 11606 | D:8      | Killed a gargoyle
 11610 | D:8      | Killed a gargoyle
 11921 | D:8      | XOM: harmless Necr miscast
 12147 | D:8      | XOM: cleaving
 12151 | D:8      | XOM: butterfly on damage
 12151 | D:8      | XOM: smoke on damage
 12156 | D:8      | XOM: noise
 12161 | D:8      | Banished a gargoyle
 12394 | D:8      | XOM: mild Erth miscast
 12669 | D:9      | Found a hide-covered altar of Uskayaw.
 12709 | D:9      | XOM: harmless Conj miscast
 12723 | D:9      | Found a staircase to the Lair.
 12725 | D:9      | Found a bloodstained altar of Trog.
 12730 | D:9      | Reached skill level 5 in Dodging
 13163 | D:9      | Reached skill level 5 in Stealth
 13258 | D:9      | XOM: summons friendly white imp
 13353 | D:10     | Entered Level 10 of the Dungeon
 13355 | D:10     | XOM: cleaving
 13356 | D:10     | XOM: cleaving
 13378 | D:9      | XOM: potion effect (might)
 13449 | D:9      | XOM: god gift: scroll of fear
 13712 | D:10     | Noticed a two-headed ogre
 13723 | D:10     | XOM: cast spell 'Summon Butterflies'
 13730 | D:10     | Killed a two-headed ogre
 13730 | D:10     | Reached XP level 11. HP: 47/85 MP: 11/11
 14396 | D:10     | XOM: cast spell 'Summon Mana Viper'
 14426 | D:10     | Slain by an orc warrior

Vault maps used:
D:1:      onia_arrival_pyramid, due_unseen_surprise
D:2:      gammafunk_temple_overflow_claw, first_ration, st_stairs_9
D:3:      kennysheep_generic_room_11, uniq_jessica
D:4:      lemuel_crystal_altar, lightli_minifort, uniq_ijyb,
          uniq_crazy_yiuf_cottage, uniq_blork_the_orc
D:6:      uniq_eustachio
D:7:      grunt_temple_overflow_holy_war, temple_green,
          kennysheep_opposing_triangles
D:8:      cheibrodos_statue_roulette, chequers_ossuary_entry_cave, the_bakery
D:9:      eat_drink_and_be_merry_uskayaw, minmay_lair_entry_lava, bloody_trog
D:10:     david_orc_4
Ossuary:  ossuary_tomb_2

Skill      XL: |  1  2  3  4  5  6  7  8  9 10 |
---------------+-------------------------------+-----
Fighting       | 4 5 6 7 8 |  8.4
Shields        | 4 |  4.4
Long Blades    | 4 7 |  7.6
Short Blades   | 3 9 |  9.1
Stealth        | 1 6 |  6.8
Dodging        | 6 |  6.6

Action                   |  1- 3 |  4- 6 |  7- 9 | 10-12 || total
-------------------------+-------+-------+-------+-------++-------
Melee: Falchion          |    17 |    11 |       |       ||    28
       Tailslap          |     8 |    19 |    70 |    23 ||   120
       Dagger            |    86 |   175 |    55 |       ||   316
       Scimitar          |       |       |   142 |       ||   142
       Rapier            |       |       |   302 |   238 ||   540
 Abil: Breathe Steam     |       |       |    11 |     5 ||    16
Evoke: Wand              |       |       |     1 |    13 ||    14
  Use: Scroll            |     1 |     5 |     8 |     7 ||    21
       Potion            |       |       |     4 |       ||     4
 Stab: Paralysed         |     1 |       |     3 |     2 ||     6
       Sleeping          |       |     2 |     1 |     3 ||     6
       Petrified         |       |       |     2 |       ||     2
       Confused          |       |       |     1 |     2 ||     3
       Petrifying        |       |       |     1 |       ||     1
  Eat: Chunk             |     2 |     6 |    10 |       ||    18
       Ration            |       |     2 |     4 |     2 ||     8
Armor: Skin              |    56 |    41 |   165 |    61 ||   323
Dodge: Dodged            |    69 |   121 |   260 |   108 ||   558
Block: Buckler           |       |       |    92 |    37 ||   129
       Rpst.: Falchion   |     3 |     1 |       |       ||     4
       Scimitar          |       |       |    27 |       ||    27

Table legend:
 A = Spawn XP
 B = Non-spawn XP
 C = Spawn XP percentage of total XP
 D = Spawn monster count
 E = Non-spawn monster count
 F = Spawn count percentage of total count
 G = Total turns spent on level
                    A         B        C        D         E        F      G
               +---------+---------+-------+---------+---------+-------+---------
         Total |       0 |   11980 |   0.0 |       0 |     272 |   0.0 | 14426
               +---------+---------+-------+---------+---------+-------+---------
           D:1 |       0 |      25 |   0.0 |       0 |      15 |   0.0 |  1168
           D:2 |       0 |     102 |   0.0 |       0 |      31 |   0.0 |  1000
           D:3 |       0 |     367 |   0.0 |       0 |      28 |   0.0 |  2037
           D:4 |       0 |     705 |   0.0 |       0 |      31 |   0.0 |  1974
           D:5 |       0 |     297 |   0.0 |       0 |      10 |   0.0 |  1167
           D:6 |       0 |     822 |   0.0 |       0 |      16 |   0.0 |  1395
           D:7 |       0 |    1323 |   0.0 |       0 |      34 |   0.0 |  1206
           D:8 |       0 |    3738 |   0.0 |       0 |      33 |   0.0 |  2228
           D:9 |       0 |    2326 |   0.0 |       0 |      25 |   0.0 |  1445
          D:10 |       0 |    1999 |   0.0 |       0 |      16 |   0.0 |   528
       Ossuary |       0 |     276 |   0.0 |       0 |      33 |   0.0 |   278
               +---------+---------+-------+---------+---------+-------+---------
